 Dungeon Crawl Stone Soup version 0.17-a0-764-gd40c196 (webtiles) character file.

99 karvarausku the Insei (level 4, -7/38 HPs)
             Began as a Draconian Monk on Apr 23, 2015.
             Mangled by a gnoll
             ... wielding a +0 spear
              (8 damage)
             ... on level 2 of the Dungeon.
             The game lasted 00:03:26 (2642 turns).

karvarausku the Insei (Draconian Monk)              Turns: 2642, Time: 00:03:26

Health: -7/38      AC:  5    Str: 14    XL:     4   Next: 45%
Magic:  4/4        EV: 13    Int: 10    God:
Gold:   79         SH:  0    Dex: 14    Spells: 0 memorised, 3 levels left

rFire  . . .     SeeInvis .       - Unarmed
rCold  . . .     Clarity  .     (armour unavailable)
rNeg   . . .     SustAb   .     (no shield)
rPois  .         Gourm    .     (helmet restricted)
rElec  .         Spirit   .     (no cloak)
rCorr  .         Warding  .     (no gloves)
rMut   .         Stasis   .     (no boots)
MR     .....                    (no amulet)
Stlth  ++........               (no ring)
                                (no ring)

@: not resistant to hostile enchantments, unstealthy
A: unfitting armour, cold-blooded, AC +5
a: no special abilities


You were on level 2 of the Dungeon.
You were hungry.

You visited 1 branch of the dungeon, and saw 3 of its levels.

You collected 79 gold pieces.

Inventory:

Missiles
 o - 9 poisoned needles
Scrolls
 c - a scroll of recharging {unknown}
 d - a scroll of teleportation {unknown}
 f - a scroll of enchant weapon {unknown}
 g - a scroll of random uselessness {unknown}
 j - 2 scrolls of identify {unknown}
 k - a scroll of magic mapping {unknown}
 m - a scroll of enchant armour {unknown}
 n - a scroll of immolation {unknown}
Potions
 b - a potion of brilliance {unknown}
 e - a potion of flight {unknown}
 i - a potion of restore abilities {unknown}
Comestibles
 a - a bread ration
 h - a meat ration
 l - a royal jelly
 p - a chunk of flesh


   Skills:
 - Level 3.2 Fighting
 - Level 2.6 Dodging
 - Level 1.7 Stealth
 + Level 5.9 Unarmed Combat


You had 3 spell levels left.
You didn't know any spells.

Dungeon Overview and Level Annotations

Branches:
Dungeon (3/15)

Altars:


Innate Abilities, Weirdness & Mutations

Your plain brown scales are hard (AC +5).
Your body does not fit into most forms of armour.
You are cold-blooded and may be slowed by cold attacks.


Message History

The gnoll is moderately wounded.
The gnoll hits you with a spear.
The gnoll hits you with an enchanted spear.
You punch the gnoll!
You tail-slap the gnoll, but do no damage.
The gnoll is almost dead.
The gnoll misses you. The gnoll closely misses you.
You completely miss the gnoll.
The gnoll is severely wounded.
The gnoll hits you with a spear.
* * * LOW HITPOINT WARNING * * *
The gnoll misses you.
You completely miss the gnoll.
The gnoll is severely wounded.
The gnoll barely misses you.
The gnoll hits you with an enchanted spear!
* * * LOW HITPOINT WARNING * * *
You are feeling hungry.
The gnoll hits you with a spear!
You die...

#.........# #........#
#.#######.# #.######.# #.# #.#
#.# #.# ##.##### #.# #.######.#
.......# #.# #.##[..#†# ##.###.#
#.# #.##.#.#.##
#.###.###.######## #.##.#....##
#............#...####.##.#.....#
#.##..###.##.#.@................
#.##..# #.##.#>g)###########.###
#.##..###.##.##g## #.#
#.##......##.##.######## #.#
#.##.###..##.##.##.(...# ##+##
#.##.# #..##.##.##.###.# ##...##
#.##.###).##.##......#.###.....#
##............#####.#.#.##.......
####...##.########......#........


You could see 2 gnolls.

Vanquished Creatures
  2 adders (D:2)
  A gnoll (D:2)
  An ooze (D:2)
  2 worms (D:2)
  2 giant cockroaches (D:2)
  7 goblins
  3 hobgoblins
  8 jackals
  9 kobolds
  A quokka (D:2)
  A ball python (D:1)
  10 bats
  3 giant geckos
  3 giant newts
  6 rats
59 creatures vanquished.

Notes
Turn   | Place    | Note
--------------------------------------------------------------
     0 | D:1      | karvarausku, the Draconian Monk, began the quest for the Orb.
     0 | D:1      | Reached XP level 1. HP: 19/19 MP: 1/1
   356 | D:1      | Reached XP level 2. HP: 26/26 MP: 2/2
   920 | D:2      | Reached skill level 5 in Unarmed Combat
   920 | D:2      | Reached XP level 3. HP: 19/31 MP: 3/3
  1988 | D:2      | Reached XP level 4. HP: 38/38 MP: 4/4
  2641 | D:2      | HP: 1/38 [gnoll/enchanted spear (8)]
  2642 | D:2      | Mangled by a gnoll

Action                   |  1- 3 |  4- 6 || total
-------------------------+-------+-------++-------
Melee: Unarmed           |   119 |    56 ||   175
 Stab: Sleeping          |     3 |       ||     3
  Eat: Chunk             |     3 |     2 ||     5
